 Dungeon Crawl Stone Soup version 0.30.1-9-gdf580d7c3d (webtiles) character file.

Game seed: 9559433283473562707

2 leafyfresh the Covert (level 1, -2/23 HPs)
             Began as a Gnoll Delver on Oct 12, 2023.
             Slain by a phantom (5 damage)
             ... on level 5 of the Dungeon.
             The game lasted 00:00:27 (178 turns).

leafyfresh the Covert (Gnoll Delver)                 Turns: 178, Time: 00:00:28

Health: -2/23      AC:  3    Str: 11    XL:     1   Next: 30%
Magic:  1/1        EV: 13    Int:  9    God:
Gold:   37         SH:  0    Dex: 13    Spells: 0/0 levels left

rFire   . . .        a - +0 short sword
rCold   . . .        (no shield)
rNeg    . . .        b - +0 leather armour
rPois   .            (no helmet)
rElec   .            (no cloak)
rCorr   .            (no gloves)
SInv    .            (no boots)
Will    .....        (no amulet)
Stlth   ++++         (no ring)
HPRegen 0.23/turn    (no ring)
MPRegen 0.07/turn

%: no passive effects
@: no status effects
A: fangs 1, strong nose, distributed training
a: no special abilities


You were on level 5 of the Dungeon.
You visited 1 branch of the dungeon, and saw 1 of its levels.

You collected 37 gold pieces.

Inventory:

Hand Weapons
 a - a +0 short sword (weapon)
Armour
 b - a +0 leather armour (worn)
Wands
 g - a wand of digging (3)
Scrolls
 c - a scroll of fog
 d - a scroll of magic mapping
 e - a scroll of fear
 h - a scroll of brand weapon {unknown}
 i - a scroll of vulnerability {unknown}
Potions
 f - a potion of haste
 j - a potion of might {unknown}


   Skills:
 + Level 6.4 Fighting
 + Level 4.4 Short Blades
 + Level 0.0 Long Blades
 + Level 0.0 Axes
 + Level 0.0 Maces & Flails
 + Level 0.0 Polearms
 + Level 0.0 Staves
 + Level 0.0 Ranged Weapons
 + Level 0.0 Throwing
 + Level 0.0 Armour
 + Level 4.4 Dodging
 + Level 9.5 Stealth
 + Level 0.0 Shields
 + Level 0.0 Unarmed Combat
 + Level 0.0 Spellcasting
 + Level 0.0 Conjurations
 + Level 0.0 Hexes
 + Level 0.0 Summonings
 + Level 0.0 Necromancy
 + Level 0.0 Translocations
 + Level 0.0 Transmutations
 + Level 0.0 Fire Magic
 + Level 0.0 Ice Magic
 + Level 0.0 Air Magic
 + Level 0.0 Earth Magic
 + Level 0.0 Poison Magic
 + Level 0.1 Invocations
 + Level 0.0 Evocations


You couldn't memorise any spells.
You didn't know any spells.
Your spell library was empty.

Dungeon Overview and Level Annotations

Branches:
Dungeon (5/15)
 Temple: D:4-7

Altars:

Shops:
D:5 [


Innate Abilities, Weirdness & Mutations

You have very sharp teeth.
Your uncanny sense of smell can sniff out nearby items.
Your experience applies equally to all skills.


Message History

The phantom is lightly damaged.
The phantom hits you!
You miss the phantom.
The phantom is lightly damaged.
You hit the phantom.
The phantom is moderately damaged.
The phantom hits you but does no damage.
You hit the phantom. You bite the phantom.
The phantom is moderately damaged.
The phantom barely misses you.
You barely miss the phantom.
The phantom is moderately damaged.
The phantom hits you!
You barely miss the phantom.
The phantom is moderately damaged.
You barely miss the phantom.
The phantom is moderately damaged.
The phantom completely misses you.
You hit the phantom but do no damage.
The phantom is moderately damaged.
The phantom hits you.
The phantom blinks!
You blink.
Unknown command.
The phantom hits you.
* * * LOW HITPOINT WARNING * * *
The phantom blinks!
You blink.
You closely miss the phantom.
The phantom is moderately damaged.
The phantom hits you.
* * * LOW HITPOINT WARNING * * *
The phantom blinks!
You blink.
You hit the phantom. Your punch misses the phantom.
The phantom is heavily damaged.
You hit the phantom but do no damage.
The phantom is heavily damaged.
The phantom hits you but does no damage.
Unknown command.
You hit the phantom. Your bite misses the phantom.
The phantom is severely damaged.
The phantom hits you.
You die...

....##........#.# W..
..............#.###.####
..............#.......:.
........................
....#........##.......#
...∩.........##....####
....#........##.####
.....#.......##..W###
..#..#....#...#.@...##
...........####......#
...>.......# #.###..#
............# #.# ...#
............# #..# ...#
#......... ###########


You could see a phantom.

Vanquished Creatures
  An orc (D:5)
1 creature vanquished.

Notes
Turn   | Place    | Note
-------+----------+-------------------------------------------
     0 | D:5      | Reached skill level 9 in Stealth
     0 | D:5      | leafyfresh the Gnoll Delver began the quest for the Orb.
     0 | D:5      | Reached XP level 1. HP: 23/23 MP: 1/1
    22 | D:5      | Found Fyufith's Antique Armour Boutique.
   152 | D:5      | Noticed an ice beast
   152 | D:5      | Noticed a phantom
   152 | D:5      | Noticed a phantom
   178 | D:5      | Slain by a phantom

Illustrated notes

Levels and vault maps discovered:
D:5:      minmay_recursive_quarters, layout_cave_pools, serial_shops, shop,
          shop, nicolae_shop_overgrown_old_shop, shop, amethyst_killhole,
          uniq_prince_ribbit1

Skill      XL: | |
---------------+-+-----
Stealth        | |  9.5
Fighting       | |  6.4
Short Blades   | |  4.4
Dodging        | |  4.4
Invocations    | |  0.1

Action                     || total
---------------------------++-------
  Melee: Short sword       ||    16
         Bite              ||     1
   Stab: Sleeping          ||     1
 Armour: Leather armour    ||     2
  Dodge: Dodged            ||     4
